 Dungeon Crawl Stone Soup version 0.28.0-49-g6dfe1f597d (webtiles) character file.

Game seed: 5272010137815434037

67 Kniotic the Insei (level 3, -1/26 HPs)
             Began as a Demonspawn Transmuter on May 10, 2022.
             Slain by an adder (3 damage)
             ... on level 2 of the Dungeon.
             The game lasted 00:01:38 (2111 turns).

Kniotic the Insei (Demonspawn Transmuter)           Turns: 2111, Time: 00:01:39

Health: -1/26      AC:  2    Str: 10    XL:     3   Next: 98%
Magic:  5/6        EV: 12    Int: 14    God:
Gold:   25         SH:  0    Dex: 15    Spells: 5/6 levels left

rFire   . . .      SeeInvis .     - Unarmed
rCold   . . .      Faith    .   (no shield)
rNeg    . . .      Spirit   .   a - +0 robe
rPois   .          Reflect  .   (helmet currently unavailable)
rElec   .          Harm     .   (no cloak)
rCorr   .          Rampage  .   (no gloves)
Will    .....                   (boots currently unavailable)
Stlth   +.........              (no amulet)
HPRegen 0.08/turn               (no ring)
MPRegen 0.10/turn               (no ring)

@: lethally poisoned (-1 -> -4), appendages (expiring)
A: horns 2, talons 2, ignite blood 1, weakness stinger 1
a: End Transformation


You were on level 2 of the Dungeon.
You had temporarily grown beastly horns and talons.
You visited 1 branch of the dungeon, and saw 2 of its levels.

You collected 25 gold pieces.

Inventory:

Armour
 a - a +0 robe (worn)
Scrolls
 b - 2 scrolls of identify {unknown}
 d - a scroll of brand weapon {unknown}
Potions
 e - a potion of curing {unknown}
 f - a potion of mutation {unknown}


   Skills:
 - Level 1.0 Fighting
 - Level 1.7 Dodging
 * Level 4.0 Unarmed Combat
 - Level 2.0 Spellcasting
 + Level 2.6 Transmutations


You had 5 spell levels left.
You knew the following spells:

 Your Spells              Type           Power      Damage    Failure   Level
a - Beastly Appendage     Tmut           16%        N/A       9%          1

Your spell library contained the following spells:

 Spells                   Type           Power      Damage    Failure   Level
 Wereblood                Tmut           8%         N/A       12%         2
 Spider Form              Tmut/Pois      5%         N/A       38%         3
 Ice Form                 Ice/Tmut       5%         N/A       80%         4


Dungeon Overview and Level Annotations

Branches:
Dungeon (2/15)

Altars:


Innate Abilities, Weirdness & Mutations

You have temporarily grown beastly horns and talons.
Your demonic aura sometimes causes spilled blood to erupt in flames.
You have a small tail.


Message History

An adder comes into view.
The hobgoblin closely misses you.
The adder hisses angrily.
You hit the hobgoblin.
You kill the hobgoblin!
Found a murky cyan potion.
Things that are here:
a bubbling grey potion; a hobgoblin corpse
Casting: Beastly Appendage (safe; 9% risk of failure)
Confirm with . or Enter, or press ? or * to list all spells.
You grow a pair of large bovine horns.
Your feet morph into talons.
You barely miss the adder. The adder bites you. x2
You hit the adder but do no damage. Your kick misses the adder.
The adder bites you but does no damage.
You hit the adder but do no damage. You claw the adder, but do no damage.
The adder barely misses you.
You miss the adder.
Your transformation is almost over.
The adder closely misses you.
You miss the adder. Your kick misses the adder. The adder bites you.
You hit the adder. You tail-slap the adder.
The adder is severely wounded.
The adder closely misses you. The adder bites you.
You are poisoned.
The adder poisons you!
You hit the adder.
The adder is almost dead.
* * * LOW HITPOINT WARNING * * *
You feel sick. The adder bites you.
* * * LOW HITPOINT WARNING * * *
You barely miss the adder. Your kick misses the adder.
Your tail-slap misses the adder.
The adder is almost dead.
* * * LOW HITPOINT WARNING * * *
You feel sick. The adder barely misses you.
You barely miss the adder.
The adder is almost dead.
* * * LOW HITPOINT WARNING * * *
You feel sick. The adder barely misses you. The adder bites you.
You die...

############)#### .####
#...... g...### #......
......# #...... #
#...######...... . #.
#.....†........
...##$#####....###......
#........#....# #......
#...S@....#..# #......
#...###.###......#####
!.... ............. ###.
##........#.## #
#........#..# .........#
... ##........# ##
.........


You could see an adder.

Vanquished Creatures
  A gnoll (D:1)
  2 adders (D:2)
  A dart slug (D:1)
  3 endoplasms
  2 goblins
  4 hobgoblins
  2 jackals (D:1)
  7 kobolds
  2 quokkas (D:1)
  5 ball pythons (D:1)
  A bat (D:2)
  4 frilled lizards
  4 rats
38 creatures vanquished.

Notes
Turn   | Place    | Note
-------+----------+-------------------------------------------
     0 | D:1      | Kniotic the Demonspawn Transmuter began the quest for the
                  | Orb.
     0 | D:1      | Reached XP level 1. HP: 15/15 MP: 3/3
   258 | D:1      | Reached skill level 3 in Unarmed Combat
   524 | D:1      | Gained mutation: You have a small tail. [demonic ancestry]
   524 | D:1      | Reached XP level 2. HP: 21/21 MP: 5/5
  1018 | D:1      | Gained mutation: Your demonic aura sometimes causes spilled
                  | blood to erupt in flames. [demonic ancestry]
  1018 | D:1      | Reached XP level 3. HP: 16/26 MP: 6/6
  2096 | D:2      | Reached skill level 4 in Unarmed Combat
  2111 | D:2      | Slain by an adder

Illustrated notes

Levels and vault maps discovered:
D:1:      dpeg_cavernosity, layout_basic
D:2:      layout_rooms, ebering_ecumenical_altar_webs

Skill      XL: |  1  2  3 |
---------------+----------+-----
Unarmed Combat | 3 4 |  4.0
Transmutations | 2 |  2.6
Fighting       | |  1.0
Dodging        | |  1.7
Spellcasting   | |  2.0

Action                   || total
-------------------------++-------
Melee: Unarmed           ||   131
       Punch             ||     4
       Kick              ||     8
       Headbutt          ||     5
       Tailslap          ||     4
 Cast: Beastly Appendage ||     7
  Use: Potion            ||     1
 Stab: Sleeping          ||     4
Armor: Robe              ||    17
Dodge: Dodged            ||    83
